Map: Frejs first map 01

Players

Player 4

  • Race: Terran Terran
  • Spawn Location: 6:00

Player 3

  • Race: Protoss Protoss
  • Spawn Location: 0:00

larsgj - Winner!

  • Race: Terran Terran
  • Spawn Location: 3:00

wasp - Winner!

  • Race: Protoss Protoss
  • Spawn Location: 9:00

VOD

Have the link to the VOD?

Description

Time

  • Played on: Aug. 1, 2021, 1:53 p.m.
  • Length: 19:13
Show
View Real Time Build Order
Export as new Build Order

Player 4 Terran 

Build Orders:  

Get SALT Encoding   

  12  0:01  SCV  
  13  0:16  SCV  
  14  0:32  Supply Depot  
  14  0:39  SCV  
  15  0:54  SCV  
  16  1:06  Barracks  
  16  1:10  SCV  
  17  1:23  Refinery  
  17  1:26  SCV  
  18  1:54  Orbital Command  
  18  1:55  Marine  
  19  2:06  Supply Depot  
  19  2:13  Marine  
  20  2:35  Barracks Tech Lab  
  20  2:42  Refinery  
  20  3:05  Marine  
  20  3:08  Supply Depot  
  21  3:23  Marine  
  22  3:41  Marine  
  23  3:50  SCV  
  24  4:00  Supply Depot  
  24  4:02  SCV  
  25  4:14  SCV  
  26  4:26  SCV  
  27  4:39  SCV  
  28  4:51  SCV  
  29  5:05  Refinery  
  29  5:08  Refinery  
  29  5:13  Marauder  
  31  5:21  SCV  
  31  5:24  Supply Depot  
  32  5:33  SCV  
  33  5:44  Marine  
  33  5:45  SCV  
  35  5:58  SCV  
  35  6:02  Marauder  
  38  6:10  SCV  
  39  6:22  SCV  
  39  6:23  Supply Depot  
  40  6:34  SCV  
  41  6:46  SCV  
  42  6:58  SCV  
  43  7:10  SCV  
  44  7:22  SCV  
  45  7:34  SCV  
  46  7:46  SCV  
  47  7:58  SCV  
  48  8:11  SCV  
  49  8:23  SCV  
  50  8:35  SCV  
  51  8:47  SCV  
  52  8:59  SCV  
  53  9:11  SCV  
  54  9:23  SCV  
  55  9:35  SCV  
  56  9:55  Stimpack  
  56  11:34  Combat Shield  
  55  13:13  Marine  
  24  13:28  SCV  
  24  13:31  Marine  
Show
View Real Time Build Order
Export as new Build Order

Player 3 Protoss 

Build Orders:  

Get SALT Encoding   

  12  0:00  Probe  
  13  0:15  Probe  
  14  0:32  Pylon  
  14  0:37  Probe  
  15  0:46  Probe  
  16  1:01  Probe  
  16  1:02  Gateway  
  17  1:15  Probe, Assimilator  
  18  1:32  Pylon  
  18  1:53  Cybernetics Core  
  18  2:19  Stalker  
  18  2:22  Assimilator  
  20  2:39  Warp Gate  
  20  2:49  Zealot  
  22  3:04  Pylon  
  22  3:16  Stalker  
  24  3:44  Probe  
  24  3:46  Zealot  
  27  3:56  Probe  
  27  4:01  Pylon  
  28  4:06  Probe  
  29  4:13  Stalker  
  29  4:14  Probe  
  31  4:22  Probe  
  33  4:34  Probe  
  34  4:51  Stalker  
  36  5:12  Probe  
  36  5:15  Sentry  
  36  5:17  Assimilator  
  36  5:20  Probe  
  40  5:39  Adept, Assimilator  
  42  5:59  Adept  
  44  6:19  Sentry  
  46  6:42  Probe  
  47  11:21  Protoss Air Weapons Level 1  
  45  13:29  Stalker  
  33  13:47  Stalker  
  33  14:05  Zealot  
  31  14:31  Pylon  
  27  14:34  Pylon  
  27  14:36  Pylon  
  23  15:00  Twilight Council  
  23  15:03  Stargate  
  23  15:06  Gateway  
  23  15:15  Robotics Facility  
Show
View Real Time Build Order
Export as new Build Order

larsgj Terran - Winner!

Build Orders:  

Get SALT Encoding   

  12  0:03  SCV  
  13  0:27  SCV  
  14  0:39  SCV  
  15  0:49  Supply Depot  
  16  1:11  SCV  
  16  1:17  Barracks  
  16  1:23  SCV  
  17  1:35  SCV  
  18  1:47  SCV  
  19  1:55  Supply Depot  
  19  2:13  Refinery  
  19  2:16  Refinery  
  19  2:18  Supply Depot  
  19  2:23  Refinery  
  19  2:32  Refinery  
  19  2:33  Marine  
  20  2:41  Supply Depot  
  20  2:51  SCV  
  21  3:03  SCV  
  22  3:15  SCV  
  23  3:28  SCV  
  24  3:40  SCV  
  25  3:46  Factory  
  25  3:52  SCV  
  26  4:03  Supply Depot  
  26  4:04  SCV  
  27  4:16  SCV  
  28  4:28  SCV  
  29  4:40  SCV  
  30  4:52  SCV  
  31  5:01  Starport  
  31  5:04  SCV  
  32  5:13  Engineering Bay  
  32  5:16  SCV  
  33  5:26  Supply Depot  
  33  5:27  Marine  
  34  5:28  SCV  
  35  5:41  Starport Tech Lab  
  35  5:46  Starport  
  35  5:49  SCV  
  36  6:05  Fusion Core  
  36  6:41  Command Center  
  36  6:56  Armory  
  36  6:59  Starport Tech Lab  
  36  7:03  SCV  
  37  7:15  SCV  
  38  7:27  SCV  
  39  7:39  SCV  
  40  7:44  Starport  
  40  7:48  Terran Ship Weapons Level 1  
  41  7:51  SCV  
  41  8:03  SCV  
  42  8:15  SCV  
  43  8:25  Supply Depot  
  43  8:27  SCV  
  44  8:35  Weapon Refit  
  44  8:39  SCV, Starport Tech Lab  
  45  8:49  Supply Depot  
  45  8:51  SCV  
  45  8:54  Orbital Command  
  46  9:02  Battlecruiser  
  52  9:11  Supply Depot  
  52  9:18  Armory  
  52  9:26  Terran Infantry Weapons Level 1  
  52  9:32  Orbital Command  
  52  9:33  Supply Depot  
  52  9:42  Terran Vehicle And Ship Armor Level 1  
  52  9:47  SCV  
  53  9:55  Supply Depot  
  53  9:59  SCV  
  54  10:01  Battlecruiser  
  60  10:09  Terran Ship Weapons Level 2  
  60  10:11  SCV  
  61  10:21  Supply Depot  
  61  10:23  SCV  
  62  10:33  Supply Depot  
  62  10:35  SCV  
  63  10:44  Supply Depot  
  63  10:50  Battlecruiser  
  63  10:55  Supply Depot  
  69  11:06  Supply Depot  
  69  11:17  Supply Depot  
  69  11:19  Battlecruiser  
  69  11:20  Battlecruiser, Terran Infantry Armor Level 1  
  81  11:30  Supply Depot  
  81  11:37  Terran Vehicle And Ship Armor Level 2  
  81  11:50  Supply Depot  
  81  11:54  Battlecruiser  
  81  11:55  Supply Depot  
  87  12:12  Supply Depot  
  87  12:18  Supply Depot  
  87  12:29  Bunker  
  87  12:40  Supply Depot  
  87  12:41  Battlecruiser  
  93  12:44  Battlecruiser  
  99  13:03  Supply Depot  
  99  13:09  Bunker  
  99  13:14  Hi-Sec Auto Tracking  
  99  13:51  Battlecruiser x3  
  99  13:53  Missile Turret  
  117  14:03  Terran Vehicle And Ship Armor Level 3  
  117  14:11  Neosteel Armor, Terran Ship Weapons Level 3  
  117  14:24  Missile Turret  
  117  14:55  Battlecruiser x2  
  117  14:56  Battlecruiser  
  135  15:51  Terran Infantry Weapons Level 2  
  135  16:00  Battlecruiser x2  
Show
View Real Time Build Order
Export as new Build Order

wasp Protoss - Winner!

Build Orders:  

Get SALT Encoding   

  12  0:40  Pylon  
  12  0:46  Pylon  
  12  0:51  Assimilator  
  12  0:56  Assimilator  
  12  1:11  Assimilator  
  12  1:29  Gateway  
  12  2:14  Probe  
  13  2:26  Probe  
  14  2:38  Probe  
  15  2:50  Probe  
  17  3:09  Cybernetics Core  
  17  3:16  Zealot  
  18  3:43  Zealot  
  20  4:10  Zealot  
  22  4:33  Robotics Facility  
  22  4:37  Zealot  
  24  5:13  Zealot  
  26  5:30  Observer  
  27  5:40  Zealot  
  29  5:50  Warp Prism  
  31  6:01  Pylon  
  31  6:42  Observer  
  31  6:49  Observer  
  31  6:56  Observer  
  30  8:12  Observer  
  31  8:31  Zealot  
  31  8:33  Warp Prism  
  35  8:50  Pylon  
  35  8:55  Pylon  
  35  8:59  Zealot  
  35  9:00  Pylon  
  35  9:02  Pylon  
  37  9:07  Pylon  
  37  9:50  Observer  
  36  11:01  Stargate  
  36  12:10  Oracle  
  39  12:20  Fleet Beacon  
  39  12:34  Pylon  
  39  12:38  Stalker  
  41  13:08  Stalker  
  43  13:38  Adept  
Tags
 
Add a new tag
Caveats
  • Supply blocks, unpowered buildings, or Contaminate may cause inaccurate times.
  • Supply counts are checked every 10 seconds.